Map: 2000 Atmospheres LE

Players

GunGFuBanDa

  • Race: Protoss Protoss

Spirit (souL) - Winner!

  • Race: Terran Terran

Event: DreamHack SC2 Masters 2021 Winter

VOD

Have the link to the VOD?

Description

Time

  • Played on: Oct. 1, 2021, 12:08 p.m.
  • Length: 16:17

All games in this series

Show
View Real Time Build Order
Export as new Build Order

GunGFuBanDa Protoss 

Build Orders: Phoenix Opening 

Get SALT Encoding   

  12  0:00  Probe  
  13  0:12  Probe  
  14  0:16  Pylon  
  14  0:24  Probe (Chrono Boost)  
  16  0:35  Gateway  
  16  0:36  Probe (Chrono Boost)  
  16  0:41  Probe (Chrono Boost)  
  16  0:45  Assimilator  
  17  0:51  Probe  
  18  1:03  Probe  
  19  1:16  Probe (Chrono Boost)  
  20  1:20  Pylon  
  20  1:25  Cybernetics Core  
  21  1:26  Probe (Chrono Boost)  
  21  1:31  Probe (Chrono Boost)  
  22  1:51  Nexus  
  22  1:56  Assimilator  
  22  1:59  Probe  
  23  2:04  Adept  
  25  2:11  Probe (Chrono Boost)  
  26  2:22  Stargate  
  27  2:23  Probe (Chrono Boost)  
  27  2:30  Probe (Chrono Boost)  
  27  2:31  Pylon  
  27  2:45  Probe  
  27  2:46  Adept, Warp Gate  
  31  3:00  Probe (Chrono Boost)  
  31  3:03  Probe (Chrono Boost)  
  32  3:07  Phoenix (Chrono Boost)  
  32  3:12  Probe (Chrono Boost)  
  36  3:13  Probe (Chrono Boost)  
  36  3:16  Adept  
  36  3:17  Probe (Chrono Boost)  
  39  3:21  Probe  
  40  3:29  Phoenix (Chrono Boost), Probe  
  40  3:33  Probe  
  44  3:34  Gateway  
  44  3:41  Probe  
  44  3:45  Probe  
  44  3:46  Phoenix (Chrono Boost)  
  48  3:53  Probe  
  49  3:57  Probe, Pylon  
  50  4:06  Probe  
  50  4:09  Phoenix (Chrono Boost), Probe  
  52  4:17  Nexus  
  54  4:20  Pylon  
  54  4:27  Robotics Facility  
  54  4:29  Assimilator  
  54  4:33  Probe x2  
  54  4:36  Assimilator  
  56  4:39  Shield Battery  
  56  4:43  Phoenix  
  56  4:45  Probe  
  59  4:46  Probe  
  59  4:51  Pylon  
  60  4:57  Probe  
  60  4:58  Probe  
  62  5:06  Sentry  
  64  5:09  Probe, Forge  
  64  5:10  Probe  
  64  5:12  Pylon  
  64  5:13  Robotics Bay  
  66  5:18  Immortal (Chrono Boost)  
  70  5:22  Probe (Chrono Boost)  
  70  5:26  Probe (Chrono Boost)  
  72  5:34  Pylon  
  74  5:37  Probe (Chrono Boost)  
  74  5:38  Probe (Chrono Boost)  
  74  5:40  Probe (Chrono Boost)  
  75  5:43  Probe (Chrono Boost)  
  75  5:44  Protoss Ground Weapons Level 1  
  75  5:45  Probe (Chrono Boost)  
  75  5:46  Probe (Chrono Boost)  
  78  5:52  Probe  
  78  5:55  Probe  
  78  6:06  Colossus (Chrono Boost)  
  78  6:09  Probe  
  84  6:14  Probe  
  84  6:17  Probe  
  86  6:21  Probe  
  86  6:23  Twilight Council  
  87  6:26  Probe  
  87  6:28  Stalker  
  87  6:29  Zealot, Probe  
  93  6:33  Probe  
  93  6:35  Photon Cannon, Gateway  
  93  6:36  Shield Battery  
  92  6:50  Colossus (Chrono Boost)  
  92  6:52  Zealot x2  
  93  7:01  Probe x2  
  93  7:04  Probe  
  93  7:07  Assimilator, Charge  
  93  7:08  Pylon  
  95  7:09  Gateway  
  95  7:10  Gateway  
  95  7:11  Gateway  
  95  7:13  Probe x2  
  87  7:22  Stalker, Zealot  
  87  7:25  Shield Battery  
  87  7:27  Photon Cannon  
  91  7:31  Assimilator  
  91  7:33  Colossus (Chrono Boost)  
  91  7:36  Pylon  
  97  7:37  Sentry  
  97  7:43  Phoenix  
  100  7:49  Gateway x2  
  99  8:06  Extended Thermal Lance  
  99  8:07  Protoss Ground Weapons Level 2 (Chrono Boost)  
  99  8:08  Zealot x6  
  111  8:15  Warp Prism (Chrono Boost)  
  113  8:21  Templar Archives  
  113  8:29  Pylon  
  113  8:31  Pylon  
  111  8:38  Pylon  
  111  8:39  Pylon  
  111  8:44  Stalker x2, Observer (Chrono Boost)  
  111  8:45  Zealot x4  
  120  9:00  Observer  
  121  9:06  Zealot x3, High Templar x2  
  131  9:11  Archon  
  131  9:22  Colossus (Chrono Boost)  
  119  9:24  Zealot x3  
  119  9:30  Photon Cannon  
  133  9:35  High Templar x2  
  133  9:36  Zealot  
  139  9:41  Archon  
  139  9:43  Zealot  
  139  9:44  Zealot x2  
  139  9:45  Zealot x2  
  147  9:49  Shield Battery  
  147  9:50  Photon Cannon  
  147  9:57  Probe  
  148  10:01  Robotics Facility  
  144  10:09  Immortal  
  146  10:16  Blink (Chrono Boost)  
  146  10:21  Zealot x8  
  130  10:23  Protoss Ground Weapons Level 3 (Chrono Boost)  
  112  10:31  Observer x2  
  98  10:42  High Templar x2  
  98  10:43  Zealot x6  
  98  10:48  Immortal (Chrono Boost)  
  98  10:49  Archon  
  114  10:59  Disruptor (Chrono Boost)  
  117  11:10  High Templar x2  
  117  11:11  Nexus  
  121  11:12  Pylon  
  119  11:20  Probe, Archon  
  119  11:21  Observer  
  119  11:25  Stalker x2, Sentry  
  122  11:26  Stalker  
  128  11:33  Probe  
  128  11:35  Shield Battery  
  128  11:36  Probe  
  128  11:37  Probe  
  128  11:38  Photon Cannon  
  134  11:43  Disruptor x2 (Chrono Boost), Forge  
  136  11:47  Probe  
  136  11:48  Probe  
  138  11:57  Stalker  
  138  11:58  Stalker x3  
  146  12:02  Assimilator  
  146  12:11  Warp Prism  
  146  12:12  Disruptor, Pylon  
  151  12:18  Stalker  
  151  12:19  Stalker x2  
  151  12:22  Protoss Ground Armor Level 1 (Chrono Boost)  
  157  12:37  Stalker  
  157  12:38  Stalker x2, Zealot x2  
  165  12:47  Disruptor  
  165  12:48  Pylon  
  164  12:58  Observer  
  160  13:10  Stalker x5  
  160  13:11  Stalker, Zealot x2  
  176  13:13  Immortal  
  176  13:18  Photon Cannon  
  176  13:19  Shield Battery  
  178  13:30  Protoss Shields Level 1 (Chrono Boost)  
  178  13:31  Probe x2  
  180  13:35  Zealot x5  
  180  13:36  Zealot  
  180  13:43  Nexus  
  181  13:48  Probe x2  
  181  13:49  Probe  
  178  13:58  Stalker x5  
  163  14:15  Probe x2  
  160  14:27  Stalker x5  
  168  14:41  Zealot  
  168  14:42  Zealot x2  
  114  15:04  Probe x2 (Chrono Boost)  
  103  15:12  Stalker x8  
  118  15:15  Probe (Chrono Boost)  
  118  15:18  Probe x2 (Chrono Boost)  
  121  15:22  Probe x2 (Chrono Boost)  
  121  15:27  Probe x2 (Chrono Boost)  
  123  15:36  Stalker, Probe x2  
  123  15:37  Stalker x3  
  123  15:38  Zealot x4  
  141  15:43  Probe  
  141  15:47  Pylon  
  142  16:03  Stalker x2  
  142  16:04  Zealot x5  
Show
View Real Time Build Order
Export as new Build Order

Spirit Terran - Winner!

Build Orders: Reaper Expand 

Get SALT Encoding   

  12  0:00  SCV  
  13  0:12  SCV  
  14  0:17  Supply Depot  
  14  0:24  SCV  
  15  0:38  SCV  
  15  0:40  Barracks  
  16  0:44  Refinery  
  16  0:50  SCV  
  17  1:03  SCV  
  18  1:04  Engineering Bay  
  18  1:15  Engineering Bay  
  18  1:18  SCV  
  19  1:30  Reaper  
  20  1:33  Orbital Command  
  20  1:50  Command Center  
  20  2:01  SCV  
  20  2:03  Supply Depot  
  20  2:04  Barracks Reactor  
  21  2:13  SCV  
  22  2:18  Bunker  
  22  2:24  Factory  
  22  2:27  SCV  
  23  2:31  Refinery  
  23  2:39  SCV  
  23  2:41  Marine x2  
  25  2:51  SCV  
  26  2:59  Marine  
  26  3:00  Marine  
  26  3:02  Orbital Command  
  26  3:03  SCV  
  29  3:09  Starport  
  29  3:14  Widow Mine  
  29  3:15  SCV  
  29  3:17  Marine  
  33  3:22  Marine  
  34  3:28  SCV x2  
  36  3:35  Widow Mine  
  36  3:40  Supply Depot, SCV  
  36  3:41  SCV  
  40  3:47  Medivac  
  44  3:52  SCV  
  44  3:54  Barracks  
  45  3:57  Widow Mine  
  45  3:58  SCV  
  46  4:03  Supply Depot  
  46  4:04  SCV, Marine  
  46  4:05  Engineering Bay  
  46  4:08  Marine  
  49  4:10  SCV  
  49  4:17  SCV  
  51  4:20  Barracks  
  51  4:21  Factory Tech Lab, Starport Tech Lab  
  51  4:23  Marine  
  52  4:25  SCV  
  52  4:29  SCV  
  53  4:33  Missile Turret  
  53  4:35  Marine  
  53  4:36  Supply Depot  
  53  4:37  SCV  
  55  4:40  Terran Infantry Weapons Level 1  
  55  4:42  Raven  
  57  4:49  Refinery  
  57  4:51  Marine  
  58  4:56  Stimpack  
  58  4:58  Marauder  
  58  4:59  SCV  
  61  5:01  Supply Depot  
  61  5:03  SCV  
  61  5:05  Marine  
  63  5:09  Marine  
  63  5:11  SCV  
  65  5:17  SCV  
  65  5:19  Refinery  
  65  5:20  Marauder  
  68  5:21  Supply Depot  
  68  5:22  Factory Reactor  
  68  5:23  SCV, Marine  
  68  5:27  Marine  
  71  5:30  Marauder  
  71  5:33  Starport Reactor  
  73  5:35  Combat Shield  
  73  5:38  SCV  
  73  5:39  Supply Depot, SCV  
  73  5:41  Marine  
  76  5:44  Marauder  
  76  5:45  Marine  
  77  5:51  Marine  
  77  5:52  SCV  
  79  5:57  SCV  
  79  5:59  Marine  
  79  6:03  Marine  
  80  6:06  Marauder  
  80  6:07  Widow Mine  
  80  6:08  Widow Mine, SCV  
  80  6:09  Marine  
  80  6:11  Medivac x2  
  86  6:16  Supply Depot  
  86  6:17  Supply Depot, Marine  
  89  6:20  Marine  
  90  6:27  Marauder, Marine  
  93  6:34  Marine  
  93  6:36  Concussive Shells, Command Center  
  93  6:37  Widow Mine x2  
  93  6:38  Marine  
  99  6:41  Supply Depot  
  99  6:42  Supply Depot  
  99  6:45  Marauder  
  97  6:48  Marine  
  97  6:52  Marine  
  93  6:54  Medivac  
  93  6:56  Marine  
  93  6:59  Widow Mine x2, SCV  
  89  7:06  Marine x2  
  89  7:07  SCV  
  88  7:08  Barracks  
  88  7:09  Barracks  
  88  7:10  Medivac, Marine  
  88  7:13  SCV  
  91  7:18  Marine  
  91  7:19  SCV  
  91  7:21  Widow Mine  
  91  7:24  Marauder x2  
  91  7:25  SCV  
  91  7:28  Marine  
  91  7:29  Terran Infantry Armor Level 1  
  99  7:30  Widow Mine  
  99  7:31  SCV  
  100  7:37  SCV  
  100  7:40  Starport  
  100  7:41  Supply Depot  
  100  7:44  SCV  
  102  7:48  Marauder, Marine  
  102  7:49  SCV  
  106  7:54  SCV  
  106  7:55  Medivac x2  
  106  7:56  SCV  
  108  8:03  SCV, Barracks Reactor  
  108  8:04  Barracks Tech Lab  
  107  8:07  Orbital Command  
  107  8:08  SCV  
  108  8:13  Marauder  
  108  8:15  SCV, Refinery  
  111  8:23  SCV  
  111  8:25  Refinery, Viking  
  111  8:27  Armory  
  114  8:29  Ghost Academy  
  114  8:30  Viking  
  116  8:34  Viking  
  116  8:39  Viking  
  120  8:42  SCV x2  
  120  8:46  SCV  
  127  8:54  SCV  
  128  8:57  Viking  
  128  8:59  Ghost x3  
  130  9:03  SCV  
  131  9:13  Marine  
  131  9:15  SCV, Marine  
  128  9:19  Marine  
  128  9:20  Command Center  
  128  9:24  Viking x3  
  123  9:25  Marine  
  123  9:28  Marine, Ghost  
  123  9:29  Marauder  
  123  9:31  Marine  
  133  9:33  Marine  
  135  9:42  SCV  
  135  9:43  Terran Infantry Weapons Level 2, SCV x2  
  138  9:46  Marauder  
  138  9:48  Viking  
  138  9:49  Ghost  
  138  9:52  Bunker  
  144  9:53  Refinery  
  144  9:55  Supply Depot, SCV x3  
  144  9:56  Supply Depot, Refinery, Marine  
  148  10:07  SCV  
  149  10:12  Supply Depot  
  149  10:14  SCV, Marine x2  
  149  10:19  Marine  
  130  10:22  Marauder, Marine  
  130  10:26  Marine  
  132  10:28  Marauder  
  132  10:32  Marine x2  
  132  10:35  Medivac x2  
  126  10:37  Planetary Fortress  
  126  10:40  Sensor Tower, Marine  
  131  10:44  Terran Ship Weapons Level 1, Marine  
  131  10:46  Engineering Bay  
  131  10:47  Marine  
  133  10:54  Marine  
  133  10:55  Marauder  
  136  10:57  SCV x2  
  136  10:59  Marine  
  136  11:02  SCV, Marine  
  138  11:07  Command Center, Marine  
  138  11:09  SCV  
  143  11:11  Marauder x2  
  143  11:12  Marine  
  143  11:14  Liberator x2  
  143  11:17  Fusion Core  
  144  11:20  Missile Turret  
  144  11:21  Sensor Tower  
  144  11:22  Missile Turret  
  144  11:25  Sensor Tower  
  144  11:31  Fusion Core, Barracks  
  144  11:32  Enhanced Shockwaves  
  144  11:33  Barracks  
  144  11:34  Barracks  
  144  11:35  Marine  
  144  11:36  Marauder x3  
  151  11:43  Marine  
  151  11:44  Marine x2  
  154  11:53  Marine  
  155  11:56  Ghost  
  155  11:57  Marauder x2  
  155  11:59  Liberator x2  
  167  12:01  Marine  
  167  12:06  Advanced Ballistics  
  168  12:12  Command Center  
  168  12:15  Missile Turret  
  166  12:16  Liberator  
  166  12:19  Missile Turret  
  166  12:20  Sensor Tower  
  166  12:21  Planetary Fortress  
  169  12:25  Barracks Tech Lab x2  
  168  12:30  Marauder, Marine  
  168  12:31  Barracks Tech Lab  
  168  12:32  Liberator  
  168  12:33  Marine  
  168  12:34  Marine  
  168  12:35  Marauder  
  178  12:38  Marauder, Marine  
  180  12:48  Marine  
  180  12:49  Liberator  
  180  12:50  Marauder, Marine  
  187  12:51  Marine  
  187  12:52  Marauder  
  187  12:53  Marauder, Marine  
  187  12:56  Marauder, Marine  
  193  13:06  Marauder  
  193  13:07  Marine  
  193  13:12  Marauder  
  195  13:16  Marauder  
  195  13:19  Marauder  
  194  13:27  Terran Infantry Armor Level 2  
  194  13:35  Marine  
  194  13:40  Liberator  
  193  13:44  Liberator x3  
  193  13:45  Marauder x2, Marine  
  194  13:48  Marine  
  195  14:03  Supply Depot  
  195  14:05  Command Center  
  195  14:06  Marauder, Marine  
  195  14:07  Marauder x2  
  185  14:11  Marauder x2, Marine  
  185  14:12  Marine  
  185  14:13  Marauder  
  185  14:15  Marine  
  178  14:23  Liberator  
  181  14:27  Liberator x2  
  181  14:28  Marauder, Marine  
  181  14:29  Liberator  
  193  14:33  Ghost  
  193  14:34  Ghost  
  193  14:36  Marine  
  194  14:44  Ghost  
  185  14:47  Marine, Ghost  
  168  14:53  Marine, Ghost  
  168  14:54  Marine x3  
  154  15:01  Marine  
  154  15:03  Marine  
  154  15:05  Marine  
  155  15:10  Medivac x2  
  155  15:11  Marine  
  155  15:12  Marine x3  
  155  15:13  Marine  
  160  15:15  Marine  
  160  15:16  SCV x4  
  160  15:19  Marine  
  166  15:21  Marine  
  166  15:22  Marine  
  166  15:23  Marine  
  169  15:29  Medivac, Sensor Tower, Marine  
  169  15:30  Medivac, Marine x4  
  169  15:33  Marine  
  179  15:37  Marine  
  179  15:39  Marine, Ghost  

Tags
 
Add a new tag
Caveats
  • Supply blocks, unpowered buildings, or Contaminate may cause inaccurate times.
  • Supply counts are checked every 10 seconds.